 Dungeon Crawl Stone Soup version 0.25.1-2-g60ff931df9 (webtiles) character file.

Game seed: 3407111774785082763

53 DildoBatman the Magician (level 4, -2/30 HPs)
             Began as a Formicid Wizard on Sept 13, 2020.
             Slain by a hobgoblin (5 damage)
             ... on level 2 of the Dungeon.
             The game lasted 00:02:30 (1164 turns).

DildoBatman the Magician (Formicid Wizard)          Turns: 1164, Time: 00:02:31

Health: -2/30      AC:  2    Str: 12    XL:     4   Next: 10%
Magic:  6/8        EV: 12    Int: 18    God:
Gold:   56         SH:  0    Dex:  9    Spells: 8/9 levels left

rFire    . . .     SeeInvis +   a - +0 short sword
rCold    + + .     Gourm    .   (no shield)
rNeg     . . .     Faith    .   m - +0 robe
rPois    .         Spirit   .   (helmet unavailable)
rElec    .         Reflect  .   d - scarf {repulsion}
rCorr    .         Harm     .   (no gloves)
MR       .....                  (no boots)
Stlth    ++........             (no amulet)
HPRegen  0.10/turn              b - ring of protection from cold
MPRegen  0.11/turn              c - ring of protection from cold

@: repel missiles
A: permanent stasis, dig shafts and tunnels, four strong arms, antennae 3
a: Dig, Shaft Self


You were on level 2 of the Dungeon.
You were not hungry.

You visited 1 branch of the dungeon, and saw 2 of its levels.

You collected 56 gold pieces.

Inventory:

Hand Weapons
 a - a +0 short sword (weapon)
 s - a cursed -1 spear
Missiles
 e - 35 stones (quivered)
 h - 19 sling bullets
 l - 5 poisoned darts
 o - 5 arrows
 p - 19 bolts
Armour
 d - a scarf of repulsion (worn)
 m - a +0 robe (worn)
Jewellery
 b - a ring of protection from cold (left hand)
 c - a ring of protection from cold (right hand)
Scrolls
 g - 2 scrolls of enchant armour {unknown}
 j - a scroll of remove curse {unknown}
 q - a scroll of fear {unknown}
 r - a scroll of identify {unknown}
 t - a scroll of magic mapping {unknown}
Potions
 f - 2 potions of heal wounds {unknown}
 i - a potion of stabbing {unknown}
 k - a potion of cancellation {unknown}
Comestibles
 n - 3 chunks of flesh
 v - 3 rations


   Skills:
 - Level 1.7 Dodging
 - Level 2.4 Stealth
 - Level 3.2 Spellcasting
 * Level 3.2 Conjurations
   Level 1.0 Summonings
   Level 0.8 Translocations


You had 8 spell levels left.
You knew the following spells:

 Your Spells              Type           Power        Failure   Level  Hunger
c - Magic Dart            Conj           ##..         4%          1    None

Your spell library contained the following spells:

 Spells                   Type           Power        Failure   Level  Hunger
 Call Imp                 Summ           #.......     16%         2    ##.....
 Slow                     Hex            #.......     24%         2    ##.....
 Conjure Flame            Conj/Fire      #.......     24%         3    ###....
 Mephitic Cloud           Conj/Pois/Air  #.......     30%         3    ###....
 Blink                    Tloc           Unusable     N/A         2    N/A

Dungeon Overview and Level Annotations

Branches:
Dungeon (2/15)

Altars:


Innate Abilities, Weirdness & Mutations

You cannot be hasted, slowed, berserked, paralysed or teleported.
You can dig through walls and to a lower floor.
Your four strong arms can wield two-handed weapons with a shield.
You have a pair of large antennae on your head. (SInv)


Message History

Anything else - Cancel.
You shout for attention!
The hobgoblin barely misses you. What are your orders? t - Shout!
Orders for allies: a - Attack new target. r - Retreat! s - Stop attacking. g - Guard the area. f - Follow me.
Anything else - Cancel.
You shout for attention!
The hobgoblin barely misses you. What are your orders? t - Shout!
Orders for allies: a - Attack new target. r - Retreat! s - Stop attacking. g - Guard the area. f - Follow me.
Anything else - Cancel.
You shout for attention!
The hobgoblin hits you.
You die...

.........#
#....###
.........#
#....#
####.....#
#....#
#######
#....##
#.....#
#.....#
#.....#
#####.#
#@#
+.g†.....#
###.#.##.#
.# .. .#
#.# .. #
.. #..


You could see a hobgoblin.

Vanquished Creatures
  A gnoll (D:1)
  An adder (D:2)
  An ooze (D:1)
  A dart slug (D:1)
  A giant cockroach (D:1)
  4 goblins
  6 hobgoblins (D:1)
  3 kobolds
  3 bats
  6 rats
27 creatures vanquished.

Notes
Turn   | Place    | Note
-------+----------+-------------------------------------------
     0 | D:1      | DildoBatman the Formicid Wizard began the quest for the
                  | Orb.
     0 | D:1      | Reached XP level 1. HP: 13/13 MP: 4/4
    38 | D:1      | Reached skill level 1 in Conjurations
   280 | D:1      | Reached XP level 2. HP: 14/19 MP: 1/6
   420 | D:1      | Reached XP level 3. HP: 21/24 MP: 4/7
  1128 | D:2      | Reached XP level 4. HP: 25/30 MP: 2/8
  1164 | D:2      | Slain by a hobgoblin

Illustrated notes

Levels and vault maps discovered:
D:1:      psy_arrival_fountain, layout_basic
D:2:      layout_basic, chequers_ecumenical_altar_lobes, fedhas_altar_1

Skill      XL: |  1  2  3 |
---------------+----------+-----
Conjurations   | 1 2 3 |  3.2
Dodging        | |  1.7
Stealth        | |  2.4
Spellcasting   | |  3.2
Summonings     | |  1.0
Translocations | |  0.8

Action                   |  1- 3 |  4- 6 || total
-------------------------+-------+-------++-------
Melee: Club              |     5 |       ||     5
       Short sword       |     7 |       ||     7
 Cast: Magic Dart        |    60 |     1 ||    61
  Eat: Chunk             |     1 |       ||     1
Armor: Robe              |     2 |     5 ||     7
Dodge: Dodged            |    11 |    20 ||    31
